 Dungeon Crawl Stone Soup version 0.31.0-9-g3a7656b989 (webtiles) character file.

Game seed: 8783412173639135754

63 Gottschkopf the Conjurer (level 3, 0/19 HPs)
             Began as a Deep Elf Conjurer on Jan 29, 2024.
             Slain by a giant cockroach (1 damage)
             ... on level 2 of the Dungeon.
             The game lasted 00:02:05 (1102 turns).

Gottschkopf the Conjurer (Deep Elf Conjurer)        Turns: 1102, Time: 00:02:06

Health: 0/19       AC:  3    Str:  4    XL:     3   Next: 89%
Magic:  1/10       EV: 12    Int: 24    God:
Gold:   54         SH:  0    Dex: 13    Spells: 9/10 levels left

rFire   . . .        m - +0 dagger
rCold   . . .        (no shield)
rNeg    . . .        a - +0 robe
rPois   .            (no helmet)
rElec   .            (no cloak)
rCorr   .            k - +0 pair of gloves
SInv    .            (no boots)
Will    .....        (no amulet)
Stlth   ++           (no ring)
HPRegen 0.23/turn    (no ring)
MPRegen 0.12/turn

%: no passive effects
@: no status effects
A: no striking features
a: no special abilities


You were on level 2 of the Dungeon.
You visited 1 branch of the dungeon, and saw 2 of its levels.

You collected 54 gold pieces.

Inventory:

Hand Weapons
 m - a +0 dagger (weapon)
Armour
 a - a +0 robe (worn)
 k - a +0 pair of gloves (worn)
Scrolls
 c - 2 scrolls of identify {unknown}
 d - a scroll of fog {unknown}
 h - a scroll of vulnerability {unknown}
 j - a scroll of fear {unknown}
 l - a scroll of immolation {unknown}
 n - a scroll of blinking {unknown}
 p - a scroll of enchant armour {unknown}
Potions
 b - 2 potions of magic
 e - a potion of heal wounds {unknown}
 f - a potion of resistance {unknown}
 g - a potion of might {unknown}
 i - a potion of attraction {unknown}
 o - a potion of lignification {unknown}
 q - a potion of brilliance {unknown}


   Skills:
 - Level 2.4 Dodging
 - Level 2.4 Stealth
 + Level 4.1 Spellcasting
 * Level 5.5 Conjurations


You had 9 spell levels left.
You knew the following spells:

 Your Spells              Type           Power      Damage    Failure   Level
a - Magic Dart            Conj           100%       1d8       1%          1

Your spell library contained the following spells:

 Spells                   Type           Power      Damage    Failure   Level
 Searing Ray              Conj           62%        2d6       1%          2
 Lesser Beckoning         Tloc           8%         N/A       14%         2
 Gell's Gravitas          Tloc           4%         N/A       28%         3
 Teleport Other           Tloc           4%         N/A       28%         3
 Fulminant Prism          Conj/Alch      9%         3d7       30%         4
 Iskenderun's Mystic Bla  Conj/Tloc      18%        2d6       30%         4


Dungeon Overview and Level Annotations

Branches:
Dungeon (2/15)

Altars:


Message History

The goblin is severely wounded.
The goblin closely misses you.
Casting: Magic Dart (safe; 1% risk of failure)
Confirm with . or Enter, or press ? or * to list all spells.
The magic dart hits the goblin.
You kill the goblin!
You hit the goblin.
The goblin is severely wounded.
The goblin hits you with a +0 club.
You closely miss the goblin.
The goblin is severely wounded.
The goblin misses you.
You barely miss the goblin.
The goblin is severely wounded.
The goblin hits you with a +0 club.
You barely miss the goblin.
The goblin is severely wounded.
The goblin hits you with a +0 club.
You hit the goblin.
You kill the goblin!
The giant cockroach attacks as it pursues you!
The giant cockroach bites you. The giant cockroach barely misses you.
The giant cockroach attacks as it pursues you!
The giant cockroach bites you.
* * * LOW HITPOINT WARNING * * *
You closely miss the giant cockroach. The giant cockroach bites you.
* * * LOW HITPOINT WARNING * * *
You hit the giant cockroach.
The giant cockroach is moderately wounded.
The giant cockroach bites you.
* * * LOW HITPOINT WARNING * * *
You barely miss the giant cockroach.
The giant cockroach is moderately wounded.
The giant cockroach bites you but does no damage.
You hit the giant cockroach.
The giant cockroach is severely wounded.
The giant cockroach bites you.
* * * LOW HITPOINT WARNING * * *
The giant cockroach bites you.
You die...

##.#.##
##.#.##...##.
##.#.##
##.#.##..##>
##.#.##
##.#.##....
#.#.## #.
##.#.###..
#.##.# .#
##.#.##.#
#.#.##.#B(
##.#.#.#
##.#.##.#? #
##.#...
##.#.##g.#.##
##...#
##.#@##$.#.#
##..#
##.#B##..#
##.# ##.#.#$#
##..#
##.#.#.#
##..##
##.#.##
##..## ## ##
##..## ##..##
##..## ##...#


You could see a giant cockroach.

Vanquished Creatures
  Robin (D:2)
  2 adders (D:2)
  2 dart slugs (D:1)
  A ball python (D:2)
  3 bats (D:1)
  2 endoplasms (D:2)
  2 giant cockroaches (D:1)
  A hobgoblin (D:2)
  A jackal (D:1)
  2 kobolds (D:2)
  3 quokkas
  A frilled lizard (D:1)
  6 goblins
27 creatures vanquished.

Notes
Turn   | Place    | Note
-------+----------+-------------------------------------------
     0 | D:1      | Gottschkopf the Deep Elf Conjurer began the quest for the
                  | Orb.
     0 | D:1      | Reached XP level 1. HP: 10/10 MP: 6/6
   246 | D:1      | Reached XP level 2. HP: 15/15 MP: 1/8
   822 | D:2      | Reached skill level 5 in Conjurations
   921 | D:2      | Reached XP level 3. HP: 19/19 MP: 8/10
  1077 | D:2      | Noticed Robin
  1088 | D:2      | Killed Robin
  1102 | D:2      | Slain by a giant cockroach

Illustrated notes

Levels and vault maps discovered:
D:1:      psy_arrival_whirlpool, layout_basic, minmay_octomino_j4
D:2:      minmay_inner_zag, layout_rooms, uniq_robin

Skill      XL: |  1  2  3 |
---------------+----------+-----
Conjurations   | 5 |  5.5
Spellcasting   | 4 |  4.1
Dodging        | |  2.4
Stealth        | |  2.4

Action                     || total
---------------------------++-------
  Melee: Dagger            ||     9
   Cast: Magic Dart        ||    54
 Armour: Robe              ||    15
  Dodge: Dodged            ||     9
